Cogmind - Beta 11 @@@ ROGUE MODE // 2022.04.06 @ 18:31:11 Player: Red Box Result: Destroyed by 8R-AWN with 8R-AWN's Boregun Performance ------------- Evolutions (0) 0 Regions Visited (2) 400 Robots Destroyed (17) 85 Value Destroyed (245) 245 Prototype IDs (3) 60 Alien Tech Used (0) 0 Bonus (-51) -51 TOTAL SCORE: 739 Bonus ------- Friendly Fire -51 Cogmind --------- Core Integrity 0/250 Matter 258/300 Energy 13/280 System Corruption 8% Temperature Cool (0) Movement Rolling (140) Ox4 Location -10/Mines Parts ------- > --- POWER (1) -------- Cooled Ion Engine > --- PROPULSION (2) --- Wheel > --- UTILITY (2) ------ High-capacity Storage Unit > --- WEAPON (2) ------- Hammer > --- INVENTORY (20) --- Cooled Ion Engine Cooled Ion Engine Heat Sink Medium Storage Unit High-capacity Storage Unit Huge Storage Unit Improved Terrain Scanner Shield Generator Shield Generator Shield Generator Hacking Suite EM Pulse Gun Particle Cannon Particle Cannon Particle Cannon Particle Cannon Mini Grenade Launcher Peak State ------------ > --- POWER ------------ Ion Engine > --- PROPULSION ------- Wheel Wheel > --- UTILITY ---------- High-capacity Storage Unit Improved Terrain Scanner > --- WEAPON ----------- Particle Cannon Particle Cannon > --- INVENTORY -------- Cooled Ion Engine Cooled Ion Engine Cooled Ion Engine Cooled Ion Engine Wheel Heat Sink Medium Storage Unit High-capacity Storage Unit Shield Generator Shield Generator Hacking Suite EM Pulse Gun Particle Cannon Particle Cannon Light Cannon Mini Grenade Launcher [Rating: 14] Favorites ----------- Power Ion Engine Engine Ion Engine Propulsion Wheel Leg Aluminum Leg Wheel Wheel Utility Improved Terrain Scanner Device Improved Terrain Scanner Storage High-capacity Storage Unit Weapon Particle Cannon Energy Cannon Particle Cannon Ballistic Gun Assault Rifle Ballistic Cannon Light Cannon Impact Weapon Hammer Build | -11 -10 -10 ------- Run | Scr Mat Min Slots Evolved . | . . . Power . | . . . Propulsion . | . . . Utility . | . . . Weapon . | . . . Parts Attached 20 | 7 8 5 Power 3 | 1 . 2 Engine 3 | 1 . 2 Core . | . . . Reactor . | . . . Propulsion 5 | 2 2 1 Treads . | . . . Leg 2 | 2 . . Wheel 3 | . 2 1 Hover . | . . . Flight . | . . . Utility 5 | 2 2 1 Device 3 | 1 1 1 Storage 2 | 1 1 . Processor . | . . . Hackware . | . . . Protection . | . . . Artifact . | . . . Weapon 7 | 2 4 1 Energy Gun . | . . . Energy Cannon 3 | . 3 . Ballistic Gun 2 | 2 . . Ballistic Cannon 1 | . 1 . Launcher . | . . . Special Weapon . | . . . Impact Weapon 1 | . . 1 Slashing Weapon . | . . . Piercing Weapon . | . . . Special Melee Weapon . | . . . Unidentified Prototypes 1 | . . 1 Parts Lost 5 | . . 5 Power 1 | . . 1 Propulsion 2 | . . 2 Utility 1 | . . 1 Weapon 1 | . . 1 Highest Loss Streak 5 | . . 5 To Critical Strikes 2 | . . 2 Average Slot Usage (%) 98 | . 99 84 Engine 13 | . 14 9 Leg 8 | . 9 . Wheel 18 | . 18 19 Device 13 | . 14 11 Storage 14 | . 14 14 Energy Cannon 13 | . 14 4 Ballistic Gun 9 | . 10 . Ballistic Cannon 4 | . 3 14 Naked Turns . | . . . Heaviest Build 54 | 14 54 53 Greatest Support 20 | 20 20 20 Greatest Overweight (x) 2 | . 2 2 Average Overweight (x) 1 | . 1 2 Largest Inventory Capacity 20 | 8 20 20 Average Capacity 14 | 6 14 20 Most Carried 20 | 7 20 20 Average Carried 12 | 4 13 19 Final Capacity 20 | 8 20 20 Final Carried 20 | 7 20 17 Class Distribution -------------------- 100% | Mutant Dominant Class ---------------- Mutant | -10/Materials Mutant | -10/Mines Resources | -11 -10 -10 ----------- Run | Scr Mat Min Matter Collected 576 | 247 329 . Remotely . | . . . Salvage Created 488 | 25 441 22 Parts 35 | 2 30 3 Haulers Intercepted 2 | . 2 . Recyclers Shooed 1 | 1 . . Parts Field Recycled . | . . . Retrieved Matter . | . . . Parts Self-Destructed . | . . . Prevented . | . . . Kills | -11 -10 -10 ------- Run | Scr Mat Min Combat Hostiles Destroyed 10 | . 10 . Guns 7 | . 7 . Cannons 3 | . 3 . Classes Destroyed 7 | 1 5 1 Worker 1 | . . 1 Builder 1 | . 1 . Tunneler 1 | 1 . . Hauler 2 | . 2 . Watcher 2 | . 2 . Swarmer 6 | . 6 . Grunt 4 | . 4 . Best Kill Streak 5 | 1 5 1 Combat Bots Only 3 | . 3 . Max Kills in Single Turn 2 | 1 2 1 Gunslinging 1 | . 1 . Exploded . | . . . Melee . | . . . Uniques/NPCs Destroyed . | . . . Combat | -11 -10 -10 -------- Run | Scr Mat Min Damage Taken 713 | . 282 431 Core 259 | . 47 212 Absorbed by Shields 51 | . . 51 Regen/Repaired (Parts) 44 | . 44 . Core Remaining (%) 100 | 100 . . Volleys Fired 55 | 8 46 1 Largest 2 | 2 2 2 Hottest 136 | 40 136 103 Shots Fired 102 | 16 84 2 Gun 78 | 16 62 . Cannon 24 | . 22 2 Launcher . | . . . Special . | . . . Kinetic 87 | 16 70 1 Thermal 15 | . 14 1 Explosive . | . . . Electromagnetic . | . . . Robot Hit Streak 6 | 3 6 3 Robot Miss Streak 6 | 2 6 . Penetration Max . | . . . Secondary Targets 1 | . 1 . Max Gunslinging Chain 1 | . 1 . Shots Hit Robots 74 | 9 50 15 Core Hits 28 | 3 22 3 Critical Kills . | . . . Critical Parts Destroyed . | . . . Critical Strikes . | . . . Melee Attacks 16 | . . 16 Impact 16 | . . 16 Slashing . | . . . Piercing . | . . . Sneak Attacks . | . . . Combat Hostiles . | . . . Follow-up Attacks . | . . . Damage Inflicted 1082 | 92 649 341 Guns 508 | 92 416 . Cannons 268 | . 230 38 Explosions . | . . . Melee 303 | . . 303 Ramming 3 | . 3 . Kinetic 559 | 92 450 17 Thermal 217 | . 196 21 Explosive . | . . . Electromagnetic . | . . . Impact 303 | . . 303 Slashing . | . . . Piercing . | . . . Highest Corruption 8 | . 4 8 Average Corruption 4 | . 3 4 Corruption Purged . | . . . Corruption Blocked . | . . . Effects 17 | . 16 1 Message Errors 4 | . 3 1 Matter Fused 6 | . 6 . Energy Discharges 2 | . 2 . Data Loss (major) 5 | . 5 . Overload Shots . | . . . Overflow Damage 23 | . 2 21 Projectiles 2 | . 2 . Explosions . | . . . Melee 21 | . . 21 Knockbacks 4 | . 1 3 Impact 3 | . . 3 Kinetic 1 | . 1 . Secondary . | . . . Self-Inflicted Damage . | . . . Shots . | . . . Rammed . | . . . Targets Rammed 1 | . 1 . Kicked 1 | . 1 . Crushed . | . . . Highest Temperature 375 | . 375 42 Average Temperature 159 | . 169 21 Received Heat Transfer 66 | . 66 . Effects 1 | . 1 . Energy Bleed 1 | . 1 . Siege Activations . | . . . Robots Corrupted . | . . . Combat Hostiles . | . . . Parts Fried . | . . . Impact Corruptions 1 | . . 1 Robots Melted . | . . . Combat Hostiles . | . . . Parts Melted 1 | . 1 . Heat Transferred 370 | . 333 37 Parts Sabotaged . | . . . Parts Stolen . | . . . Parts Stripped . | . . . Power Chain Reactions . | . . . Missiles Intercepted . | . . . Alert | -11 -10 -10 ------- Run | Scr Mat Min Peak Influence 256 | 5 256 5 Initial 3 | . 3 . Average 62 | . 73 1 Maximum Alert Level 1 | . 1 . Low Security (%) 87 | 100 85 100 Level 1 12 | . 14 . Level 2 . | . . . Level 3 . | . . . Level 4 . | . . . Level 5 . | . . . High Security . | . . . Max Security . | . . . Squads Dispatched 3 | . 3 . Investigation 2 | . 2 . Extermination . | . . . Reinforcement 1 | . 1 . Assault . | . . . Garrison . | . . . Intercept . | . . . Searches Triggered . | . . . Construction Impeded . | . . . Haulers Reinforced . | . . . Active Scanning Responses . | . . . Cargo Convoy Interrupts . | . . . Stealth | -11 -10 -10 --------- Run | Scr Mat Min Distress Signals 2 | . 2 . Communications Jammed . | . . . Distress Signals . | . . . Times Spotted 22 | . 20 2 Peak Tracking Total 6 | . 6 1 Tactical Retreats 2 | . 1 1 Traps | -11 -10 -10 ------- Run | Scr Mat Min Traps Triggered 3 | . 3 . Indirectly . | . . . Trap Hack Attempts . | . . . Triggered . | . . . Disarmed . | . . . Reprogrammed . | . . . Reused . | . . . Traps Extracted . | . . . Installed . | . . . Triggered . | . . . Machines | -11 -10 -10 ---------- Run | Scr Mat Min Machines Disabled . | . . . Max in Single Turn . | . . . Machines Sabotaged . | . . . Garrisons Compromised . | . . . Overloaded Fab Kills . | . . . Hacking | -11 -10 -10 --------- Run | Scr Mat Min Machines Accessed 9 | . 9 . Terminals 7 | . 7 . Fabricators . | . . . Repair Stations 1 | . 1 . Recycling Units 1 | . 1 . Scanalyzers . | . . . Garrison Access . | . . . Total Hacks 25 | . 25 . Successful 16 | . 16 . Failed 8 | . 8 . Catastrophic 1 | . 1 . Database Lockouts 1 | . 1 . Manual 15 | . 15 . Terminals 20 | . 20 . Fabricators . | . . . Repair Stations 2 | . 2 . Recycling Units 3 | . 3 . Scanalyzers . | . . . Garrison Access . | . . . Terminal Hacks 7 | . 7 . Record 1 | . 1 . Robot Analysis 2 | . 2 . Prototype ID Bank 1 | . 1 . Terminal Index 1 | . 1 . Alert Level 1 | . 1 . Unreport Threat 1 | . 1 . Fabricator Hacks . | . . . Repair Station Hacks 2 | . 2 . Scan Component 1 | . 1 . Repair 1 | . 1 . Recycling Unit Hacks . | . . . Scanalyzer . | . . . Garrison Access Hacks . | . . . Unauthorized Hacks 7 | . 7 . Terminals 7 | . 7 . Track 2 | . 2 . Botnet 4 | . 4 . Operators 1 | . 1 . Fabricators . | . . . Repair Stations . | . . . Recycling Units . | . . . Scanalyzers . | . . . Garrison Access . | . . . Data Cores Recovered . | . . . Used . | . . . Hacking Detections 7 | . 7 . Full Trace Events . | . . . Feedback Events . | . . . Feedback Blocked . | . . . Robot Schematics Acquired . | . . . Robots Built . | . . . Authchips . | . . . Time . | . . . Total Robot Build Rating . | . . . Part Schematics Acquired . | . . . Parts Built . | . . . Authchips . | . . . Time . | . . . Total Part Build Rating . | . . . Parts Repaired 1 | . 1 . Time 16 | . 16 . Parts Recycled . | . . . Recycled Matter . | . . . Retrieved Matter . | . . . Retrieved Components . | . . . Parts Scanalyzed . | . . . Part Schematics Acquired . | . . . Parts Damaged . | . . . Bothacking | -11 -10 -10 ------------ Run | Scr Mat Min Used RIF Installer . | . . . Robots Hacked . | . . . Non-combat . | . . . Combat . | . . . Robot Hacks Applied . | . . . Relay Couplers Released . | . . . Fabnet Peak Effective % . | . . . Robots Rewired . | . . . Allies Hacked . | . . . Hacks Repelled . | . . . Allies | -11 -10 -10 -------- Run | Scr Mat Min Total Allies . | . . . Largest Group . | . . . Highest-Rated Group . | . . . Highest-Rated Ally . | . . . Total Orders . | . . . Ally Attacks . | . . . Total Damage . | . . . Kills . | . . . Allies Corrupted . | . . . Allies Melted . | . . . Intel | -11 -10 -10 ------- Run | Scr Mat Min Robot Analysis Total 2 | . 2 . Derelict Logs Recovered . | . . . Drone Launches . | . . . Drone Recoveries . | . . . Exploration | -11 -10 -10 ------------- Run | Scr Mat Min Turns Passed 1459 | 112 1248 99 Spaces Moved 969 | 55 906 8 Core 1 | 1 . . Treads . | . . . Legs 319 | 54 265 . Wheels 649 | . 641 8 Hover . | . . . Flight . | . . . Fastest Speed 50 | 50 80 110 Average Speed 108 | 118 108 110 Slowest Speed 120 | 120 120 110 Overloaded Moves . | . . . Propulsion Burnouts . | . . . Robots Hopped . | . . . Cave-ins Triggered . | . . . Exploration Rate (%) 33 | 4 92 5 Regions Visited 2 Branch Regions 1 Pre-discovered Areas . | . . . Known Exits Taken . | . . . Unknown Exits Taken 2 | 1 1 . Scrap Searched . | . . . Spaces Dug . | . . . Terrain Destroyed . | . . . Melee . | . . . Projectile . | . . . AOE . | . . . Terrain Rammed . | . . . Walls Destroyed . | . . . Machines Disabled . | . . . Actions | -11 -10 -10 --------- Run | Scr Mat Min Total 1248 | 84 1096 68 Wait 152 | 8 107 37 Move 967 | 54 905 8 Hop . | . . . Pick Up 26 | 7 19 . Fast Attach 10 | 7 3 . Attach 3 | . . 3 Detach . | . . . Swap 7 | . 5 2 Drop 11 | . 10 1 Fire 55 | 8 46 1 Melee 16 | . . 16 Ram . | . . . Kick 1 | . 1 . Crush . | . . . Escape Stasis . | . . . Rewire . | . . . Trap . | . . . Miscellaneous . | . . . Route ------- -11/Scrapyard -10/Materials (discovered 4 exits: [*Mat x2] / [*Min x2]) -10/Mines (discovered 1 exit: [*Mat]) History --------- Turn | Location | Event 10 | -11/Scrapyard | Discovered new exit (range 16) 113 | -11/Scrapyard | Entered Materials 180 | -10/Materials | Discovered new exit (range 13) 223 | -10/Materials | Met 8R-AWN 244 | -10/Materials | Discovered new exit (range 9) 308 | -10/Materials | Build established: Mutant 388 | -10/Materials | Discovered new exit (range 3) 407 | -10/Materials | Central database locked down 528 | -10/Materials | Discovered new exit (range 9) 1307 | -10/Materials | Repaired Particle Cannon 1361 | -10/Materials | Entered Mines 1362 | -10/Mines | Followed 8R-AWN into the Mines 1381 | -10/Mines | Discovered new exit (range 3) 1382 | -10/Mines | Assembled infested the area 1387 | -10/Mines | Attacked by 8R-AWN 1387 | -10/Mines | Assisted by a Guerilla fighting off Assembled 1429 | -10/Mines | Core integrity fell below 50% 1457 | -10/Mines | Core integrity fell below 20% 1460 | -10/Mines | Destroyed by 8R-AWN with 8R-AWN's Boregun Last Messages --------------- 01435_ HV Slug penetrates Wall. 01435_ HV Slug penetrates Earth. 01439_ Penetrated by HV Slug. 01439_ Critical hit (Destroy). 01439_ Wheel destroyed. 01439_ Penetrated by HV Slug. 01446_ 8R-AWN knocked back. 01449_ Penetrated by HV Slug. 01449_ Critical hit (Destroy). 01449_ Shield Generator destroyed. 01449_ HV Slug penetrates Wall. 01449_ Identified Cld. Ion Engine. 01449_ Malfunction: System corrupted (+4). 01450_ Dropped Faulty Cld. Ion Engine. 01451_ Destroyed Prototype Device. 01451_ 8R-AWN system corrupted by crushing effect. 01452_ Penetrated by HV Slug. 01460_ H3ZL3HQ#YW I0HV1=JIZIEBHGWJZPT&T 01460_ Lgt. Cannon destroyed. 01460_ Penetrated by HV Slug. Map ----- +----------------------------------------------------+ | ?????????????????????????????????????????????????? | | ?????????????????????????????????????????????????? | | ?????????????????????????????????????????????????? | | ?????????????????????????????????????????????????? | | ?????????????????????????????????????????????????? | | ?????????????????????????????????????????????????? | | ?????????????????????????????????????????????????? | | ?????????????????????????????????????????????????? | | ?????????????????????????????????????????????????? | | ?????????????????????? ???#??????????????????????? | | ?????????????????????????#; ?????????????????????? | | ?????????????????????????; ?????????????????????? | | ????????????????????????# ?????????????????????? | | ???????????????????????#" ?????????????????????? | | ???????????????????????? ?????????????????????? | | ???????????????????????? #?#???????????????????? | | ???????????????#????????# d#?????????????????????? | | ?????????????#?????????## =d?????????????????????? | | ???????????????????? ?## *%##????#???????????????? | | ??????????????????????# |=];???????#????????????? | | ??????????????????????# % %###??????????????????? | | ??????????????????????# %=< #??????????????????? | | ??????????????????????? = #??????????????????? | | ?????????????########??# * * ##?????????????????? | | ?????????????# #### g = #?????????????????? | | ?????????????# *@! ##??????????????????? | | ?????????????# """ ##; #????#??????????????? | | ?????????????# """ ### ####???????????????????? | | ?????????????# """ ## # # ??????????????????????? | | ?????????????######## ## ? ??????????????????????? | | ??????????#????????? #?##?#??????????????????????? | | ??????????????????? ?????????????????????????????? | | ?????????????????? ??????????????????????????????? | | ????????????????? ??????????????????#????????????? | | | | | | | | | | | | | | | | | | | | | | | | | | | | | | | | | +----------------------------------------------------+ Best States ------------- Heat Dissipation 25 Energy Generation 14 Energy Capacity 280 Matter Stores 300 Matter Capacity 300 Sight Range 16 Terrain Scan Range 16 Terrain Scan Density 10 Evasion (%) 55 Item Schematics ----------------- None Robot Schematics ------------------ None Fabricated ------------ Nothing Alien Tech Used ----------------- None Achievements -------------- None Challenges ------------ None Game ------ Seed ControlCargoAutohacker Manual? 0 Play Time 00:13:57 Cumulative 247.0 hours Start 2022.04.06 @ 18:18:29 End 2022.04.06 @ 18:31:11 Sessions 1 Manual Loads 0 Difficulty Rogue Special Mode None Game No. 213 Rogue 213 Adventurer 0 Explorer 0 Win Type - Total 0 Types 0/0/0/0/0/0/0/0/0 Lore% 48 Gallery% 54 Achievement% 39 Wizard Run 0 Options --------- ASCII 0 Keyboard 0 Movement Mouse Keybinds 0 Fullscreen 1 Font 16/SmallcapsGlow Map View 75x55 Tactical HUD 1 Map Filters NONE Filters NONE Steam 1 RUN: 326e171a-1a9a-403b-ab42-6f219e5e3d7c